 Dungeon Crawl Stone Soup version 0.29-a0-878-g7b45a56547 (webtiles) character file.

Game seed: 7968154553560935481

60 Kazon the Covered (level 4, 0/35 HPs)
             Began as a Human Fighter on July 19, 2022.
             Slain by Sigmund
             ... wielding a +0 scythe
              (8 damage)
             ... on level 2 of the Dungeon.
             The game lasted 00:05:06 (1701 turns).

Kazon the Covered (Human Fighter)                   Turns: 1701, Time: 00:05:07

Health: 0/35       AC:  8    Str: 18    XL:     4   Next: 25%
Magic:  4/4        EV:  9    Int:  8    God:
Gold:   55         SH:  4    Dex: 13    Spells: 3/3 levels left

rFire   . . .      SeeInvis .   a - +0 long sword
rCold   . . .      Faith    .   c - +0 buckler
rNeg    . . .      Spirit   .   b - +0 scale mail
rPois   .          Reflect  .   h - +0 helmet
rElec   .          Harm     .   (no cloak)
rCorr   .          Rampage  .   (no gloves)
Will    .....                   (no boots)
Stlth   ..........              (no amulet)
HPRegen 0.11/turn               (no ring)
MPRegen 0.09/turn               (no ring)

@: no status effects
A: no striking features
a: no special abilities


You were on level 2 of the Dungeon.
You visited 1 branch of the dungeon, and saw 2 of its levels.

You collected 67 gold pieces.
You spent 12 gold pieces at shops.

Inventory:

Hand Weapons
 a - a +0 long sword (weapon)
Missiles
 e - 18 stones (quivered)
Armour
 b - a +0 scale mail (worn)
 c - a +0 buckler (worn)
 h - a +0 helmet (worn)
Wands
 m - a wand of iceblast (3)
Scrolls
 f - a scroll of teleportation {unknown}
 i - 2 scrolls of identify {unknown}
 n - a scroll of poison {unknown}
Potions
 d - a potion of might
 g - a potion of curing {unknown}
 j - 2 potions of mutation {unknown}
 k - 2 potions of haste {unknown}
 l - a potion of resistance {unknown}


   Skills:
 * Level 3.3 Fighting
 + Level 2.5 Long Blades
 * Level 0.9 Throwing
 + Level 3.4 Armour
 + Level 0.2 Dodging
 * Level 1.1 Stealth
 + Level 3.2 Shields


You had 3 spell levels left.
You didn't know any spells.
Your spell library contained the following spells:

 Spells                   Type           Power      Damage    Failure   Level
 Gell's Gravitas          Tloc           0%         N/A       99%         3
 Lesser Beckoning         Tloc           0%         N/A       99%         3
 Teleport Other           Tloc           0%         N/A       99%         3


Dungeon Overview and Level Annotations

Branches:
Dungeon (2/15)

Altars:

Shops:
D:1 (![

Annotations:
D:2 Sigmund


Message History

You hit the bat.
You kill the bat!
Sigmund hits you but does no damage.
Sigmund points at you and mumbles some strange words.
The magic dart hits you.
You barely miss Sigmund. Sigmund hits you with a +0 scythe!
You hit Sigmund.
Sigmund is lightly wounded.
Sigmund casts a spell at you. The puff of flame misses you.
You slash Sigmund!
Sigmund is moderately wounded.
Sigmund closely misses you.
You hit Sigmund.
Sigmund is heavily wounded.
Sigmund hits you but does no damage.
You barely miss Sigmund.
Sigmund is heavily wounded.
Sigmund hits you with a +0 scythe.
You closely miss Sigmund.
Sigmund is heavily wounded.
Sigmund hits you with a +0 scythe.
* * * LOW HITPOINT WARNING * * *
You barely miss Sigmund.
Sigmund is heavily wounded.
Sigmund barely misses you.
You barely miss Sigmund.
Sigmund is heavily wounded.
Sigmund gestures wildly while chanting.
Sigmund flickers and vanishes!
Deactivating autopickup; reactivate with Ctrl-A.
You closely miss something. Something hits you but does no damage.
You closely miss something. Something hits you but does no damage.
You closely miss something. Something hits you but does no damage.
You barely miss something.
You hear some strange, mumbled words.
A magic dart appears from out of thin air!
The magic dart hits you but does no damage.
You miss something. Something hits you!
You die...

#############
##............
###########.#......#####
......{@...###.......)..
##########.###.#..###..###.
... .. >..# ##.#.# #......
##.##...... #...# #......
...#.#.#.# ##..## #.####.
....##.##.#..# ##.## #.
.#.#.#.#.##..###.#.###.
#.......##..##.###†##.
###.#..#......## ##...


There were no monsters in sight!

Vanquished Creatures
  Natasha (D:2)
  An adder (D:2)
  2 bats (D:2)
  2 endoplasms (D:1)
  4 goblins
  4 hobgoblins
  4 jackals (D:2)
  A ball python (D:2)
  A kobold (D:2)
  5 rats
25 creatures vanquished.

Notes
Turn   | Place    | Note
-------+----------+-------------------------------------------
     0 | D:1      | Kazon the Human Fighter began the quest for the Orb.
     0 | D:1      | Reached XP level 1. HP: 18/18 MP: 1/1
    53 | D:1      | Found Binoet's Distillery.
    69 | D:1      | Bought a potion of degeneration for 12 gold pieces
   278 | D:1      | Found a faded altar of an unknown god.
   302 | D:1      | Found Bogoojeo's Antique Weapon Boutique.
   322 | D:1      | Reached XP level 2. HP: 18/24 MP: 2/2
   389 | D:1      | Found Wodociga's Antique Armour Shoppe.
  1057 | D:2      | Reached XP level 3. HP: 17/29 MP: 3/3
  1274 | D:2      | Noticed Natasha
  1285 | D:2      | Killed Natasha
  1286 | D:2      | Reached skill level 1 in Stealth
  1286 | D:2      | Reached XP level 4. HP: 13/35 MP: 4/4
  1681 | D:2      | Noticed Sigmund
  1701 | D:2      | Slain by Sigmund

Illustrated notes

Levels and vault maps discovered:
D:1:      dpeg_arrival_rooms_c, layout_basic,
          chequers_ecumenical_altar_simple_redux, serial_shops, shop_fountains,
          shop, shop, chequers_arboretum
D:2:      layout_loops_ring, minmay_between, uniq_sigmund, uniq_jessica,
          uniq_natasha

Skill      XL: |  1  2  3 |
---------------+----------+-----
Stealth        | 1 |  1.1
Fighting       | |  3.3
Long Blades    | |  2.5
Throwing       | |  0.9
Armour         | |  3.4
Dodging        | |  0.2
Shields        | |  3.2

Action                   |  1- 3 |  4- 6 || total
-------------------------+-------+-------++-------
Melee: Long sword        |    73 |    18 ||    91
Throw: Stone             |     7 |     1 ||     8
Armor: Scale mail        |    34 |    13 ||    47
Dodge: Dodged            |    21 |     6 ||    27
Block: Buckler           |    14 |       ||    14

Table legend: (Time is in decaauts)
 A = Elapsed time spent in this place.
 B = Non-inter-level travel time spent in this place.
 C = Inter-level travel time spent in this place.
 D = Time resting spent in this place.
 E = Time spent auto-exploring this place.
 F = Levels seen in this place.
 G = Mean time per level.
                   A        B        C        D        E       F      G
               +--------+--------+--------+--------+--------+-----+--------+
         Total |   1733 |   1689 |     44 |     31 |   1021 |   2 |  866.5 |
       Dungeon |   1733 |   1689 |     44 |     31 |   1021 |   2 |  866.5 |
               +--------+--------+--------+--------+--------+-----+--------+

Top non-repeatable levels by time:
     D:1: 1037 daAuts
     D:2: 695 daAuts
